 Dungeon Crawl Stone Soup version 0.29.1-15-g9cfb28693d (webtiles) character file.

Game seed: 16739781430119929342

60 Barneous the Charlatan (level 4, 0/31 HPs)
             Began as an Octopode Wanderer on Mar 13, 2023.
             Slain by a rat (1 damage)
             ... on level 2 of the Dungeon.
             The game lasted 00:03:11 (1714 turns).

Barneous the Charlatan (Octopode Wanderer)          Turns: 1714, Time: 00:03:13

Health: 0/31       AC:  1    Str: 11    XL:     4   Next: 6%
Magic:  7/7        EV: 12    Int: 14    God:
Gold:   66         SH:  0    Dex: 13    Spells: 7/7 levels left

rFire   . . .      SeeInvis .   a - +0 dagger
rCold   . . .      Faith    .   (no shield)
rNeg    . . .      Spirit   .   (helmet restricted)
rPois   .          Reflect  .   (no amulet)
rElec   .          Harm     .   (no ring)
rCorr   .          Rampage  .   (no ring)
Will    .....                   (no ring)
Stlth   ++........              (no ring)
HPRegen 0.10/turn               (no ring)
MPRegen 0.10/turn               (no ring)
                                (no ring)
                                (no ring)

@: slowed, very slow
A: almost no armour, amphibious, 8 rings, camouflage 1, gelatinous body 1,
(nimble swimmer 1), tentacles
a: no special abilities


You were on level 2 of the Dungeon.
You visited 1 branch of the dungeon, and saw 2 of its levels.

You collected 66 gold pieces.

Inventory:

Hand Weapons
 a - a +0 dagger (weapon)
Missiles
 c - a poisoned dart (quivered)
Wands
 d - a wand of polymorph (11)
Scrolls
 b - a scroll of fog
 f - a scroll of teleportation


   Skills:
 + Level 3.4 Fighting
 + Level 1.7 Throwing
 + Level 1.7 Unarmed Combat
 + Level 2.4 Spellcasting
 + Level 3.8 Evocations


You had 7 spell levels left.
You didn't know any spells.
Your spell library was empty.

Dungeon Overview and Level Annotations

Branches:
Dungeon (2/15)

Altars:

Shops:
D:1 (

Annotations:
D:2 Natasha


Innate Abilities, Weirdness & Mutations

You cannot wear most types of armour.
You are amphibious.
You can wear up to eight rings at the same time.
Your skin changes colour to match your surroundings (Stealth+).
Your rubbery body absorbs attacks. (AC +1, EV +1)
((You are camouflaged when in or above water. (Stealth+)))
You have tentacles for arms and can constrict up to eight enemies at once.


Message History

You hear an angry hiss.
Throw: 2 darts (poison)
Press: ? - help, Q - select action, (/) - cycle Shift-Dir - straight line, f - ball python
Aim: a ball python (53% to hit)
You throw a poisoned dart. The poisoned dart hits the ball python.
The ball python is poisoned.
Natasha, Servant of Life and Death comes into view.
You see here a +0 club.
A rat comes into view.
You kill the ball python!
Found an escape hatch in the ceiling.
Natasha stares at you and mumbles some strange words.
You feel yourself slow down. Natasha closely misses you.
You hit Natasha. Your grab misses Natasha.
Natasha is lightly wounded.
Natasha misses you. Natasha claws you.
You hit Natasha. Your grab misses Natasha.
Natasha is lightly wounded.
Natasha claws you.
You barely miss Natasha. Your grab misses Natasha.
Your tentacle-slap misses Natasha.
Natasha is lightly wounded.
The rat twitches its whiskers.
The rat bites you. Natasha completely misses you. The rat closely misses you.
Natasha claws you!
You are too injured to fight recklessly!
You are too injured to fight recklessly!
You barely miss Natasha. You grab Natasha.
Natasha is lightly wounded.
You constrict Natasha. The rat barely misses you. Natasha claws you.
* * * LOW HITPOINT WARNING * * *
You hit Natasha. You squeeze Natasha, but do no damage.
Natasha is heavily wounded.
You constrict Natasha. The rat bites you.
* * * LOW HITPOINT WARNING * * *
Natasha claws you!
* * * LOW HITPOINT WARNING * * *
The rat bites you.
You die...

....... .......#
.......#######
............#
.###.#.........#
.....#.......(.######.
.......(..............
...........)..@h......
..............r.(.....
#####....#####.......
..# #.#....# .......
#.# #.#.##.........b.
#.# #.#.# ####.<.....
#.###.#.# .......
####.....#.# .......
......####.#


You could see Natasha, a bat and a rat.

Vanquished Creatures
  Natasha (D:2)
  2 dart slugs (D:1)
  A worm (D:2)
  3 ball pythons
  2 endoplasms (D:1)
  4 goblins
  3 hobgoblins (D:1)
  4 jackals (D:1)
  2 kobolds (D:1)
  A quokka (D:1)
  A bat (D:2)
  A frilled lizard (D:2)
  3 rats (D:1)
28 creatures vanquished.

Notes
Turn   | Place    | Note
-------+----------+-------------------------------------------
     0 | D:1      | Barneous the Octopode Wanderer began the quest for the Orb.
     0 | D:1      | Barneous set off with the following items: a +0 dagger, a
                  | scroll of fog, 7 poisoned darts, a wand of polymorph (12),
                  | a potion of haste.
     0 | D:1      | Reached XP level 1. HP: 16/16 MP: 3/3
   130 | D:1      | Found Gofevit's Weapon Shoppe.
   259 | D:1      | Reached XP level 2. HP: 15/21 MP: 5/5
   671 | D:1      | Reached XP level 3. HP: 10/26 MP: 6/6
  1358 | D:2      | Noticed Natasha
  1374 | D:2      | Killed Natasha
  1645 | D:2      | Reached XP level 4. HP: 31/31 MP: 7/7
  1706 | D:2      | Noticed Natasha
  1714 | D:2      | HP: 1/31 [Natasha (7)]
  1714 | D:2      | Slain by a rat

Illustrated notes

Levels and vault maps discovered:
D:1:      roderic_octagonal_star, layout_rooms, serial_shops,
          nicolae_shop_bloodbath_and_beyond
D:2:      layout_basic, corexii_leaking_fountain, uniq_robin, uniq_natasha,
          uniq_sigmund

Action                   |  1- 3 |  4- 6 || total
-------------------------+-------+-------++-------
Melee: Dagger            |    52 |     8 ||    60
       Tentacles         |    14 |     1 ||    15
       Constrict         |    14 |     1 ||    15
Throw: Dart              |    24 |     3 ||    27
Evoke: Wand              |     1 |       ||     1
  Use: Potion            |     2 |       ||     2
       Scroll            |     1 |       ||     1
 Stab: Sleeping          |     2 |       ||     2
Armor: Skin              |     4 |       ||     4
Dodge: Dodged            |    22 |    10 ||    32
